 Dungeon Crawl Stone Soup version 0.20-a0-454-g2b43fbb (webtiles) character file.

435469 Dharzhak the Hoplite (level 22, 0/210 HPs)
             Began as a Minotaur Fighter on Jan 8, 2017.
             Was an Initiate of Gozag.
             Killed by divine providence
             ... invoked by a deep elf high priest
              (11 damage)
             ... on level 3 of the Elven Halls.
             The game lasted 03:41:42 (50448 turns).

Dharzhak the Hoplite (Minotaur Fighter)            Turns: 50448, Time: 03:41:43

Health: 0/210      AC: 40    Str: 34    XL:     22   Next: 92%
Magic:  23/23      EV: 22    Int:  5    God:    Gozag
Gold:   182        SH: 36    Dex: 23    Spells: 7/21 levels left

rFire  + . .     SeeInvis +     C - +9 war axe of Conservatism {drain, *Corrode rElec rC+++ MR+}
rCold  + + +     Gourm    .     H - +9 armour of the Dragon King {rPois rF+ rC+ MR+}
rNeg   . . .     Faith    .     E - +0 large shield
rPois  +         Spirit   .     U - +2 hat
rElec  +         Reflect  +     o - +1 cloak {+Inv}
rCorr  .         Harm     .     u - +2 pair of gloves
MR     ++++.                    O - +2 pair of boots
Stlth  ..........               k - +4 amulet of reflection
                                v - +6 ring of strength
                                S - ring of Waepom {*Drain rElec rC+ Slay+4 SInv}

@: mighty, agile, about to teleport, gold aura, very slightly contaminated,
hasted, heavily drained, invisible, very quick
A: retaliatory headbutt, horns 2, large bone plates 1, blink, clumsy 1, magic
resistance 1, strong 1
}: 2/15 runes: decaying, gossamer
a: Blink, Potion Petition, Call Merchant, Bribe Branch, Renounce Religion


You were on level 3 of the Elven Halls.
You worshipped Gozag.
Gozag was aware of your devotion.
You were not hungry.

You visited 8 branches of the dungeon, and saw 39 of its levels.
You also visited: Labyrinth, Ice Cave, Volcano and Desolation.

You collected 20911 gold pieces.
You spent 12491 gold pieces at shops.
You paid 8238 gold pieces to Gozag.

Inventory:

Hand Weapons
 b - the +10 eveningstar of Discord {flame, Dex+5}
   (You found it on level 3 of the Elven Halls)

   It has been specially enchanted to burn those struck by it, causing extra
   injury to most foes and up to half again as much damage against particularly
   susceptible opponents.
   It affects your dexterity (+5).
 n - the +2 hand crossbow of Zealyb {flame, rC- MR+ Dex+4}
   (You found it in an ice cave)

   It causes projectiles fired from it to burn those they strike, causing extra
   injury to most foes and up to half again as much damage against particularly
   susceptible opponents.
   It affects your dexterity (+4).
   It makes you vulnerable to cold.
   It affects your resistance to hostile enchantments.
 C - the +9 war axe of Conservatism (weapon) {drain, *Corrode rElec rC+++ MR+}
   (You bought it in a shop on level 2 of the Orcish Mines)

   A truly terrible weapon, it drains the life of those it strikes.
   It renders you almost immune to cold.
   It insulates you from electricity.
   It affects your resistance to hostile enchantments.
   It may corrode you when you take damage.
Missiles
 q - 49 tomahawks (quivered)
 I - 7 tomahawks of returning
Armour
 o - a +1 cloak of invisibility (worn)
 u - a +2 pair of gloves (worn)
 E - a +0 large shield (worn)
 H - the +9 armour of the Dragon King (worn) {rPois rF+ rC+ MR+}
   (You bought it in a shop on level 15 of the Dungeon)

   It protects you from fire.
   It protects you from cold.
   It protects you from poison.
   It affects your resistance to hostile enchantments.
 O - a +2 pair of boots (worn)
 U - a +2 hat (worn)
Jewellery
 k - a +4 amulet of reflection (around neck)
 p - a +5 ring of strength
 v - a +6 ring of strength (right hand)
 F - an uncursed ring of positive energy
 K - an uncursed ring of flight
 R - an uncursed ring of fire
 S - the ring of Waepom (left hand) {*Drain rElec rC+ Slay+4 SInv}
   (You found it in the Desolation of Salt)

   [ring of protection from cold]

   It affects your accuracy and damage with ranged weapons and melee attacks
   (+4).
   It protects you from cold.
   It insulates you from electricity.
   It lets you see invisible.
   It causes draining when unequipped.
Wands
 z - a wand of digging (24/24)
 A - a wand of iceblast (15/15)
 P - a wand of iceblast (15/15)
 Z - a wand of enslavement (24/24)
Scrolls
 e - 3 scrolls of immolation
 i - 8 scrolls of magic mapping
 j - 17 scrolls of remove curse
 r - 3 scrolls of identify
 t - 7 scrolls of blinking
 y - 8 scrolls of fear
 B - 10 scrolls of teleportation
 M - 3 scrolls of fog
 Q - 2 scrolls of silence
Potions
 l - a potion of haste
 m - 9 potions of curing
 s - 7 potions of flight
 w - a potion of invisibility
 x - 2 potions of cure mutation
 L - 4 potions of agility
 N - 3 potions of berserk rage
 T - 7 potions of brilliance
 V - 2 potions of resistance
 W - 2 potions of cancellation
 X - 4 potions of ambrosia
Comestibles
 c - 22 beef jerkies
 f - 6 bread rations
 h - 15 meat rations


   Skills:
 + Level 20.3(18.6) Fighting
   Level 15.6(14.1) Long Blades
 + Level 22.1(20.6) Axes
 + Level 7.8(14.9) Maces & Flails
 + Level 1.2(0.1) Throwing
 + Level 15.2(13.7) Armour
 + Level 15.7(14.2) Dodging
 - Level 1.0(0.0) Stealth
 + Level 26.8(24.8) Shields
 + Level 2.9(1.8) Evocations


You had 7 spell levels left.
You knew the following spells:

 Your Spells              Type           Power        Failure   Level  Hunger
a - Regeneration          Chrm/Necr      #.........   100%        3    ####...
b - Swiftness             Chrm/Air       #.......     100%        2    ###....
c - Ozocubu's Armour      Chrm/Ice       #.......     100%        3    ####...
d - Deflect Missiles      Chrm/Air       #.........   100%        6    #######


Dungeon Overview and Level Annotations

Branches:
Dungeon (15/15)            Temple (1/1) D:7            Lair (6/6) D:9
  Swamp (4/4) Lair:3       Spider (4/4) Lair:3        Slime (0/5) Lair:6
    Orc (2/2) D:9             Elf (3/3) Orc:2        Vaults (0/5) D:13
 Depths (4/5) D:15

Altars:
Ashenzari
Cheibriados
Dithmenos
Elyvilon
Fedhas
Gozag
Hepliaklqana
Kikubaaqudgha
Makhleb
Nemelex Xobeh
Okawaru
Qazlal
Ru
Sif Muna
Trog
Uskayaw
Vehumet
Xom
Yredelemnul
Zin
The Shining One
Jiyva

Shops:
D:4 [[[   D:5 :   D:7 ((   D:9 *   D:12 *:==:   D:15 [%[:   Orc:2 [:*(
Elf:2 (   Depths:1 [

Portals:
Hell: Depths:1 Depths:2 Depths:3 Depths:4
Abyss: Depths:4
Pandemonium: Depths:3
Ziggurat: Depths:4

Annotations:
Depths:4 exclusion: ice statue


Innate Abilities, Weirdness & Mutations

You reflexively headbutt those who attack you in melee.
You have a pair of horns on your head.
You are partially covered in large bone plates. (SH +4)
You can translocate small distances at will.
You are clumsy. (Dex -2)
You are resistant to hostile enchantments. (MR+)
Your muscles are strong. (Str +2)


Message History

The deep elf annihilator is no longer distracted by gold. x3
The deep elf elementalist mumbles some strange words.
The deep elf annihilator casts a spell.
The deep elf annihilator blinks!
The deep elf sorcerer gestures wildly while chanting.
The ghostly deep elf master archer is distracted by the nearby gold.
The deep elf master archer is distracted by the nearby gold.
The deep elf archer is empowered by the deep elf high priest's aura!
The ghostly deep elf master archer shouts!
You hear a shout!
The deep elf sorcerer is no longer distracted by gold.
The deep elf elementalist is distracted by the nearby gold.
The deep elf sorcerer is distracted by the nearby gold.
The deep elf annihilator mumbles some strange words.
The deep elf annihilator blinks!
The deep elf annihilator is distracted by the nearby gold.
The deep elf high priest calls down the wrath of its god upon you.
Something smites you!
You die...
Your body crumbles into a pile of gold.

####### ##.}.|(##
#.).|.).##
+..||)..'#########
#.)...:.#@$$.....#
##.).[)##ee.......
#######.e$§§§....
eeee.§e§..}.
#ee.e...§..e.
#eE...§§###...
eee§e.§.## #..
.#..(..## #.


You could see a ghostly deep elf master archer, 4 deep elf annihilators, 2 deep
elf death magi, 3 deep elf sorcerers, a deep elf elementalist (unaware), a deep
elf archer, 3 deep elf high priests and a fire elemental.

Vanquished Creatures
  An ancient lich (Depths:1)
  Sojobo (Depths:3)
  Boris (Depths:3)
  A golden dragon (Depths:4)
  Arachne (Spider:3)
  Jorgrun (Elf:2)
  2 tentacled monstrosities (Depths:4)
  Asterion (Depths:3)
  A lich (Depths:4)
  4 deep elf blademasters
  A deep elf master archer (Elf:3)
  A quicksilver dragon (Depths:4)
  Gastronok (Lair:2)
  4 thorn hunters
  A sphinx (Depths:4)
  Donald (Orc:2)
  Agnes (Elf:2)
  Kirke (Lair:6)
  4 tengu reavers
  2 storm dragons (Depths:4)
  7 shadow dragons
  4 fire giants
  4 ghost moths
  2 deep elf sorcerers
  An iron dragon (Depths:4)
  7 frost giants
  2 orc warlords
  3 deep elf elementalists (Elf:3)
  A balrug (Depths:4)
  2 angels (Elf:2)
  An emperor scorpion (Spider:4)
  2 spriggan defenders (Depths:4)
  7 very ugly things
  13 stone giants
  4 deep elf demonologists
  3 entropy weavers
  4 halazid warlocks (Desolation)
  3 dire elephants (Lair:6)
  2 deep elf annihilators (Elf:3)
  Azrael (D:13)
  9 spark wasps
  2 deep elf death magi (Depths:2)
  A blizzard demon (Depths:4)
  A minotaur (Lab)
  5 ettins
  The ghost of HallandMoats the Fighter, a journeyman MiFi of Okawaru (D:10)
  2 crystal guardians (Desolation)
  3 jiangshi (Depths:3)
  10 fire dragons
  Erolcha (D:13)
  12 servants of whispers (Desolation)
  10 ragged hierophants (Desolation)
  5 ice dragons
  4 deep elf high priests (Depths:4)
  10 peacekeepers (Desolation)
  4 great orbs of eyes
  5 rakshasas
  A vault guard (D:13)
  3 spriggan air magi
  23 hydras
  A hell beast (Depths:1)
  4 ogre magi
  A centaur warrior (D:13)
  A death knight (Depths:2)
  4 ghost crabs
  A catoblepas (Lair:6)
  21 two-headed ogres
  A queen ant (Lair:4)
  5 alligators
  17 tengu warriors
  7 deep troll shamans
  7 deep troll earth magi
  A vampire mage (Depths:3)
  Urug (Lair:2)
  5 death yaks
  7 spriggan berserkers (Depths:4)
  The ghost of Vibarexel the Geomancer, a novice DEEE of Sif Muna (D:8)
  A titan zombie (Depths:2)
  15 deep elf knights
  4 soul eaters
  Sonja (D:13)
  2 orc high priests (Orc:2)
  4 sun demons
  14 skeletal warriors
  2 iron trolls
  6 hell knights
  A torturous demonspawn (Depths:3)
  2 death drakes (shapeshifter)
  29 deep trolls
  4 wizards
  A golden dragon zombie (Depths:3)
  A quicksilver dragon simulacrum (Depths:4)
  2 spriggan druids
  3 unseen horrors
  4 flayed ghosts
  A glowing orange brain (Depths:4)
  2 shambling mangroves
  Pikel (D:7)
  4 lindwurms
  6 deep elf archers
  12 swamp dragons
  A wolf spider zombie (D:15)
  An ironbrand convoker (Desolation)
  5 necromancers
  20 orb spiders
  A fire giant zombie (Depths:3)
  3 orc knights
  19 wolf spiders
  20 ugly things
  A salamander (Depths:1)
  7 orc sorcerers
  36 deep elf magi
  2 cyclopes (D:13)
  5 manticores
  A manticore (shapeshifter) (Depths:2)
  7 elephants (Lair:6)
  9 rust devils
  2 guardian serpents (Desolation)
  6 black mambas
  An ice statue (IceCv)
  2 stone giant skeletons (Depths:1)
  3 molten gargoyles (Desolation)
  An orange demon (Depths:3)
  A smoke demon (Volcano)
  A spriggan zombie (Depths:2)
  An elf skeleton (Depths:2)
  A torpor snail (Spider:1)
  The ghost of droogie the Ruffian, a novice VSTm of Sif Muna (D:7)
  A gargoyle (D:15)
  20 spiny frogs
  11 rime drakes
  3 freezing wraiths
  6 efreet
  A komodo dragon (shapeshifter) (Elf:2)
  12 demonic crawlers
  3 kobold demonologists (D:13)
  A rime drake (shapeshifter) (D:15)
  3 yaktaurs
  7 komodo dragons
  The ghost of jink69 the Ducker, an amateur MiGl (D:4)
  A hellwing (Depths:3)
  4 red devils
  A tormentor (Depths:3)
  5 tengu conjurers
  32 jumping spiders
  10 trolls
  3 ice devils
  A queen bee (Lair:3)
  3 meliai (Spider:2)
  19 hornets
  A yaktaur skeleton (Depths:1)
  15 blink frogs
  21 polar bears
  A meliai (shapeshifter) (D:15)
  26 slime creatures
  59 saltlings (Desolation)
  3 raiju (Lair:6)
  5 bog bodies
  17 hippogriffs
  2 tyrant leeches
  14 dream sheep
  A stone giant simulacrum (Depths:1)
  2 flying skulls (Depths:4)
  A fire dragon zombie (Depths:1)
  A frost giant simulacrum (Depths:3)
  6 air elementals
  10 spriggans
  83 redbacks
  A ynoxinul (Depths:3)
  32 tarantellas
  6 wraiths
  10 shadows
  7 wyverns
  11 water elementals
  Sigmund (D:4)
  An elf zombie (Depths:2)
  5 fire elementals
  69 yaks
  A fire bat (shapeshifter) (D:13)
  6 basilisks
  A human (shapeshifter) (Elf:2)
  2 hungry ghosts
  Grum (D:8)
  4 hogs (Lair:6)
  19 humans (D:13)
  2 steam dragons
  44 vampire mosquitoes
  A chaos spawn (Depths:3)
  10 wargs
  11 insubstantial wisps
  Edmund (D:5)
  19 swamp worms
  26 soldier ants (Lair:4)
  A swamp worm (shapeshifter) (D:15)
  A human zombie (Depths:3)
  8 water moccasins
  Menkaure (D:7)
  An acid dragon (D:11)
  20 hell hounds
  10 porcupines
  34 orc warriors
  An ice beast (shapeshifter) (Elf:2)
  14 swamp drakes
  2 ice beasts
  13 black bears
  6 sky beasts
  3 phantoms
  10 boggarts
  9 centaurs
  30 wolves
  18 ogres
  13 crocodiles
  2 earth elementals (Elf:2)
  18 bullfrogs
  A wyvern skeleton (D:13)
  A water moccasin zombie (D:10)
  3 scorpions
  32 killer bees
  8 electric eels
  4 howler monkeys (D:8)
  2 vampire bats (D:2)
  5 wights (D:6)
  6 crimson imps
  2 bullfrog zombies
  6 centaur zombies
  A quasit (Depths:3)
  2 iron imps (Depths:3)
  8 orc priests
  8 hounds
  3 jellies
  26 orc wizards
  Crazy Yiuf (D:7)
  7 centaur skeletons
  5 iguanas
  2 bullfrog skeletons
  24 worker ants
  Terence (D:2)
  3 hound zombies (D:5)
  A hound skeleton (D:6)
  A howler monkey zombie (D:5)
  3 worker ant zombies
  11 adders
  11 gnolls
  4 shadow imps
  2 white imps (Depths:3)
  An ufetubus (Depths:3)
  An ooze (D:2)
  An adder skeleton (D:4)
  A worm (D:2)
  A dart slug (D:2)
  6 leopard geckos
  71 orcs
  2 ball pythons (D:1)
  3 bat skeletons (D:2)
  A bat zombie (D:2)
  5 giant cockroaches
  6 goblins
  11 hobgoblins
  8 jackals (D:6)
  3 kobolds
  2 quokkas
  5 bats
  5 frilled lizards
  A leopard gecko skeleton (D:6)
  A leopard gecko zombie (D:5)
  A quokka skeleton (D:9)
  11 rats
  3 briar patches (Swamp:3)
  14 fungi
  2 plants
1863 creatures vanquished.

Vanquished Creatures (others)
  A deep elf sorcerer (Elf:3)
  3 stone giants
  Nessos (D:13)
  A deep elf death mage (Elf:3)
  3 yaktaur captains
  2 centaur warriors
  2 tengu warriors (Depths:4)
  20 dancing weapons
  A quicksilver dragon simulacrum (Depths:4)
  An unseen horror (D:13)
  A deep troll (Depths:2)
  2 deep elf archers
  An ironbrand convoker (Desolation)
  A lindwurm (Lair:6)
  A wolf spider (Spider:2)
  2 deep elf magi (Elf:1)
  A guardian serpent (Desolation)
  9 yaktaurs
  A spiny frog (shapeshifter) (Depths:3)
  A jumping spider (Spider:3)
  A troll (D:11)
  A saltling (Desolation)
  A polar bear (IceCv)
  A redback (Spider:2)
  4 yaks
  3 humans (Lair:6)
  A swamp worm (Swamp:2)
  A swamp drake (Swamp:2)
  A slave (D:7)
  6 ettin simulacra (Depths:4)
  5 centaurs
  An orc wizard (D:8)
  2 orcs (Orc:2)
  5 briar patches
  9 fungi
  15 plants
112 creatures vanquished.

Grand Total: 1975 creatures vanquished

Notes
Turn   | Place    | Note
-------+----------+-------------------------------------------
     0 | D:1      | Dharzhak the Minotaur Fighter began the quest for the Orb.
     0 | D:1      | Reached XP level 1. HP: 19/19 MP: 0/0
   175 | D:1      | Reached XP level 2. HP: 27/27 MP: 1/1
   314 | D:1      | Reached skill level 4 in Shields
   769 | D:2      | Found a snail-covered altar of Cheibriados.
   786 | D:2      | Reached XP level 3. HP: 33/33 MP: 2/2
   923 | D:2      | Noticed Terence
   937 | D:2      | Killed Terence
  1047 | D:2      | Reached XP level 4. HP: 39/40 MP: 3/3
  1588 | D:2      | Found an ancient bone altar of Kikubaaqudgha.
  1590 | D:2      | Reached XP level 5. HP: 46/47 MP: 4/4
  1603 | D:2      | Reached skill level 5 in Shields
  2098 | D:3      | Found a burning altar of Makhleb.
  2458 | D:4      | Noticed jink69's ghost (amateur MiGl)
  2462 | D:4      | Reached XP level 6. HP: 53/53 MP: 5/5
  2468 | D:4      | Killed jink69's ghost
  2468 | D:4      | Reached skill level 5 in Axes
  2468 | D:4      | Reached skill level 5 in Armour
  2468 | D:4      | Reached skill level 1 in Dodging
  2468 | D:4      | Reached skill level 6 in Shields
  2468 | D:4      | Reached XP level 7. HP: 60/60 MP: 6/6
  2519 | D:4      | Found Rizeesty's Armour Emporium.
  2536 | D:4      | Bought a +0 cloak of poison resistance for 119 gold pieces
  2576 | D:4      | Reached skill level 5 in Fighting
  2710 | D:4      | Noticed Sigmund
  2723 | D:4      | Killed Sigmund
  2723 | D:4      | Reached skill level 1 in Stealth
  2926 | D:4      | Found Qaufruc's Armour Shoppe.
  2936 | D:4      | Found Ethepil's Antique Armour Shoppe.
  3095 | D:4      | Noticed a two-headed ogre
  3312 | D:4      | Reached XP level 8. HP: 69/69 MP: 7/7
  3501 | D:5      | Entered Level 5 of the Dungeon
  3501 | D:5      | Noticed Edmund
  3516 | D:5      | Killed Edmund
  3576 | D:5      | Found Uhaogier's Book Shoppe.
  3636 | D:5      | Found a shimmering altar of Xom.
  4254 | D:6      | Reached skill level 7 in Shields
  4770 | D:6      | Reached skill level 8 in Shields
  4770 | D:6      | Reached XP level 9. HP: 50/78 MP: 8/8
  4857 | D:6      | Got a scorched chain mail
  4858 | D:6      | Identified the +8 chain mail "Peqol" {Int+3} (You found it on level 6 of the Dungeon)
  5502 | D:7      | Noticed droogie's ghost (novice VSTm)
  5507 | D:7      | Reached skill level 10 in Axes
  5521 | D:7      | Noticed Pikel
  5523 | D:7      | Noticed Menkaure
  5547 | D:7      | Killed Pikel
  5547 | D:7      | Reached skill level 9 in Shields
  5559 | D:7      | Killed droogie's ghost
  5564 | D:7      | Killed Menkaure
  5847 | D:7      | Found a staircase to the Ecumenical Temple.
  5856 | Temple   | Entered the Ecumenical Temple
  5869 | Temple   | Became a worshipper of Gozag Ym Sagoz the Greedy
  6013 | D:7      | Found a shattered altar of Ashenzari.
  6076 | D:7      | Found Hidduf's Weapon Shop.
  6083 | D:7      | Found Qirphi Cua's Weapon Emporium.
  6147 | D:7      | Found a runed door.
  6151 | D:7      | Noticed Crazy Yiuf
  6155 | D:7      | Killed Crazy Yiuf
  6607 | D:8      | Noticed Vibarexel's ghost (novice DEEE)
  6627 | D:8      | Killed Vibarexel's ghost
  6627 | D:8      | Reached XP level 10. HP: 56/86 MP: 9/9
  6691 | D:8      | Noticed Grum
  6707 | D:8      | Killed Grum
  6742 | D:8      | Learned a level 3 spell: Regeneration
  6858 | D:8      | Reached skill level 10 in Shields
  7697 | D:8      | Found a sparkling altar of Nemelex Xobeh.
  8034 | D:9      | Found a staircase to the Orcish Mines.
  8113 | D:9      | Found an iron altar of Okawaru.
  8148 | D:9      | Found Jahell's General Store.
  8168 | D:9      | Bought a potion of agility for 52 gold pieces
  8303 | D:9      | Found a staircase to the Lair.
  8599 | D:4      | Killed a two-headed ogre
  8747 | D:10     | Entered Level 10 of the Dungeon
  8770 | D:10     | Noticed a two-headed ogre
  8783 | D:10     | Killed a two-headed ogre
  8783 | D:10     | Reached skill level 11 in Shields
  8783 | D:10     | Reached XP level 11. HP: 80/95 MP: 10/10
  8955 | D:10     | Noticed a two-headed ogre
  8966 | D:10     | Killed a two-headed ogre
  9333 | D:10     | Noticed a two-headed ogre
  9339 | D:10     | Killed a two-headed ogre
  9516 | D:10     | Noticed HallandMoats's ghost (journeyman MiFi)
  9541 | D:10     | Killed HallandMoats's ghost
  9546 | D:10     | Reached skill level 10 in Fighting
  9546 | D:10     | Reached skill level 5 in Dodging
  9546 | D:10     | Reached skill level 12 in Shields
  9546 | D:10     | Reached XP level 12. HP: 99/106 MP: 10/13
 10007 | D:11     | Gained mutation: You are partially covered in large bone plates. (SH +4) [potion of mutation]
 10007 | D:11     | Gained mutation: Your muscles are strong. (Str +2) [potion of mutation]
 10333 | D:12     | Found Maesik's Book Emporium.
 10339 | D:12     | Bought a manual of Dodging for 1324 gold pieces
 10411 | D:12     | Found Deig's Jewellery Shoppe.
 10424 | D:12     | Found Zofom's Jewellery Shoppe.
 10468 | D:12     | Found Liefam's Book Emporium.
 10510 | D:12     | Found Vaonethu's General Store.
 10516 | D:12     | Reached skill level 13 in Shields
 10582 | D:12     | Bought a scroll of magic mapping for 49 gold pieces
 10582 | D:12     | Bought a scroll of teleportation for 42 gold pieces
 10582 | D:12     | Bought a potion of heal wounds for 70 gold pieces
 10582 | D:12     | Bought a scroll of teleportation for 42 gold pieces
 10582 | D:12     | Bought a scroll of identify for 28 gold pieces
 10582 | D:12     | Bought a meat ration for 70 gold pieces
 10835 | Lair:1   | Entered Level 1 of the Lair of Beasts
 10894 | Lair:1   | Reached skill level 15 in Axes
 10904 | Lair:1   | Reached XP level 13. HP: 108/114 MP: 14/14
 11487 | Lair:2   | Found a labyrinth entrance.
 11492 | Lab      | Entered a labyrinth
 11623 | Lab      | Noticed a minotaur
 11633 | Lab      | Killed a minotaur
 11633 | Lab      | Reached skill level 1 in Maces & Flails
 11633 | Lab      | Reached skill level 10 in Armour
 11736 | Lair:2   | Found a dark tunnel.
 11744 | Volcano  | Entered a volcano
 11954 | Lair:2   | Noticed Urug
 11972 | Lair:2   | Killed Urug
 12231 | Lair:2   | Noticed Gastronok
 12273 | Lair:2   | Killed Gastronok
 12655 | Lair:2   | Reached skill level 14 in Shields
 13320 | Lair:3   | Reached skill level 5 in Maces & Flails
 13374 | Lair:3   | Reached skill level 10 in Dodging
 13611 | Lair:3   | Found a hole to the Spider Nest.
 13965 | Lair:3   | Identified the Volume of Flying Fire
 14061 | Lair:3   | Reached XP level 14. HP: 117/124 MP: 15/15
 14220 | Lair:3   | Found a staircase to the Swamp.
 14614 | Lair:4   | Noticed an entropy weaver
 14622 | Lair:4   | Noticed an entropy weaver
 14961 | D:12     | Bought a +6 ring of strength for 702 gold pieces
 14961 | D:12     | Bought a +5 ring of strength for 494 gold pieces
 14986 | D:12     | Gained mutation: You are resistant to hostile enchantments. (MR+) [potion of mutation]
 14986 | D:12     | Gained mutation: You can translocate small distances at will. [potion of mutation]
 15002 | D:13     | Noticed Sonja
 15167 | D:13     | Noticed Erolcha
 15177 | D:13     | Killed Sonja
 15179 | D:13     | Reached skill level 15 in Shields
 15179 | D:13     | Killed Erolcha
 15530 | D:13     | Learned a level 2 spell: Swiftness
 15545 | D:13     | Found a gate to the Vaults.
 15879 | D:13     | Noticed Nessos
 15890 | D:13     | Killed Nessos
 15952 | D:13     | Noticed Azrael
 15961 | D:13     | Killed Azrael
 15961 | D:13     | Reached skill level 16 in Shields
 16402 | D:13     | Found a bloodstained altar of Trog.
 16864 | D:14     | Found a frozen archway.
 16884 | IceCv    | Entered an ice cave
 17152 | IceCv    | Got a transparent hand crossbow
 17188 | IceCv    | Identified the +2 hand crossbow of Zealyb {flame, rC- MR+ Dex+4} (You found it in an ice cave)
 17303 | IceCv    | Reached XP level 15. HP: 134/134 MP: 16/16
 17504 | IceCv    | Noticed a frost giant
 17526 | IceCv    | Killed a frost giant
 17936 | D:14     | Found a shadowy altar of Dithmenos.
 18552 | D:14     | You fall through a shaft!
 18552 | D:15     | Entered Level 15 of the Dungeon
 18559 | D:15     | Reached skill level 17 in Shields
 18779 | D:15     | Found a staircase to the Depths.
 18998 | D:15     | Paralysed by an ogre mage for 7 turns
 19117 | D:15     | Found Jadwinla's Book Shop.
 19442 | D:15     | Bought a manual of Long Blades for 1876 gold pieces
 19656 | Lair:4   | Reached skill level 1 in Long Blades
 20836 | Lair:5   | Reached XP level 16. HP: 88/142 MP: 17/17
 21097 | Lair:5   | Reached skill level 5 in Long Blades
 21430 | Lair:6   | Entered Level 6 of the Lair of Beasts
 21492 | Lair:6   | Noticed Kirke
 21504 | Lair:6   | Killed Kirke
 21504 | Lair:6   | Reached skill level 18 in Shields
 22802 | Lair:6   | Found a viscous altar of Jiyva.
 22803 | Lair:6   | Found a staircase to the Slime Pits.
 23392 | Orc:1    | Entered Level 1 of the Orcish Mines
 23415 | Orc:1    | Found a bloodstained altar of Trog.
 23923 | D:4      | Bought a +1 crystal plate armour for 1044 gold pieces
 24176 | Orc:2    | Entered Level 2 of the Orcish Mines
 24180 | Orc:2    | Found Uleoph's Antique Weapon Shoppe.
 24192 | Orc:2    | HP: 2/146 [orc sorcerer/bolt of fire[an orc warlord] (36)]
 24217 | Orc:1    | HP: 7/147 [orc warlord/war axe (24)]
 24797 | Orc:2    | Bought a pitted war axe for 263 gold pieces
 24797 | Orc:2    | Identified the +9 war axe of Conservatism {drain, *Corrode rElec rC+++ MR+} (You bought it in a shop on level 2 of the Orcish Mines)
 24858 | Orc:2    | Found Girah's General Store.
 24892 | Orc:2    | Bought a scroll of teleportation for 51 gold pieces
 24892 | Orc:2    | Bought a scroll of teleportation for 51 gold pieces
 24922 | Orc:2    | Noticed Donald
 24933 | Orc:2    | Killed Donald
 24948 | Orc:2    | Found Lileu's Antique Armour Emporium.
 24977 | Orc:2    | Reached skill level 19 in Shields
 24980 | Orc:2    | Reached skill level 10 in Long Blades
 24983 | Orc:2    | Found Ezuc's Book Shoppe.
 25052 | Orc:2    | Bought a pair of embroidered boots for 252 gold pieces
 25052 | Orc:2    | Bought an embroidered hat for 240 gold pieces
 25189 | Orc:2    | Found a staircase to the Elven Halls.
 25504 | Orc:2    | Upgraded the game from 0.20-a0-449-g96be121 to 0.20-a0-454-g2b43fbb
 26006 | Swamp:1  | Entered Level 1 of the Swamp
 26084 | Swamp:1  | Reached XP level 17. HP: 154/154 MP: 18/18
 28716 | Swamp:4  | Entered Level 4 of the Swamp
 28789 | Swamp:4  | Reached skill level 15 in Fighting
 28831 | Swamp:4  | Reached skill level 15 in Dodging
 29369 | Swamp:4  | Reached skill level 20 in Shields
 30546 | Swamp:4  | Learned a level 3 spell: Ozocubu's Armour
 30607 | Swamp:4  | Got a decaying rune of Zot
 31072 | Spider:1 | Entered Level 1 of the Spider Nest
 31080 | Spider:1 | Reached XP level 18. HP: 158/163 MP: 19/19
 31309 | Spider:1 | Reached skill level 1 in Throwing
 33137 | Spider:3 | Reached skill level 21 in Shields
 33456 | Spider:3 | Noticed Arachne
 33467 | Spider:3 | Killed Arachne
 33631 | Spider:4 | Entered Level 4 of the Spider Nest
 33857 | Spider:4 | Reached skill level 15 in Long Blades
 34124 | Spider:4 | Got a gossamer rune of Zot
 35183 | D:15     | Bought a +3 plate armour of magic resistance for 855 gold pieces
 35204 | Depths:1 | Entered Level 1 of the Depths
 35223 | Depths:1 | Reached XP level 19. HP: 148/172 MP: 20/20
 35281 | Depths:1 | Found Omaicyde's Antique Armour Shoppe.
 35735 | Depths:1 | Found a gateway to Hell.
 35863 | Depths:1 | Reached skill level 22 in Shields
 37246 | Depths:1 | HP: 2/174 [shadow dragon/bolt of negative energy (40)]
 38089 | Depths:2 | Noticed an ancient lich
 38121 | Depths:1 | HP: 5/177 [acid (10)]
 38127 | Depths:1 | Killed an ancient lich
 38127 | Depths:1 | Reached skill level 23 in Shields
 38127 | Depths:1 | Reached XP level 20. HP: 34/184 MP: 21/21
 38768 | Elf:1    | Entered Level 1 of the Elven Halls
 39933 | Elf:2    | Found a white marble altar of Elyvilon.
 39934 | Elf:2    | Found a glowing silver altar of Zin.
 39935 | Elf:2    | Found a ruined gateway.
 39993 | Elf:2    | Found a glowing golden altar of the Shining One.
 40000 | Desolati | Entered the Desolation of Salt
 40459 | Desolati | Identified the Handbook of Quantum Ignition
 41836 | Desolati | Reached skill level 24 in Shields
 42408 | Desolati | Got a glittering lapis lazuli ring
 42412 | Desolati | Identified the ring of Aptauntid {MP+9 Str+3 Int+4 Dex-5} (You found it in the Desolation of Salt)
 42621 | Desolati | Got a scorched ivory ring
 42625 | Desolati | Identified the ring of Waepom {*Drain rElec rC+ Slay+4 SInv} (You found it in the Desolation of Salt)
 42634 | Desolati | Identified the Almanac of Transmigration and Execration
 42639 | Desolati | Got a vibrating golden ring
 42649 | Desolati | Identified the ring "Vooqupap" {*Slow MR+ Int+2 Slay+2} (You found it in the Desolation of Salt)
 42940 | Elf:2    | Found Gefyw's Weapon Emporium.
 43221 | Elf:2    | Found a runed gate.
 43221 | Elf:2    | Found a runed gate.
 43221 | Elf:2    | Found a runed gate.
 43222 | Elf:2    | Noticed Jorgrun
 43233 | Elf:2    | Killed Jorgrun
 43234 | Elf:2    | Noticed Agnes
 43245 | Elf:2    | Killed Agnes
 43278 | Elf:2    | Reached XP level 21. HP: 103/194 MP: 22/22
 44335 | Depths:2 | Identified the Grimoire of Unholy Secrets
 44459 | Depths:2 | Found a sacrificial altar of Ru.
 44665 | Depths:2 | Learned a level 6 spell: Deflect Missiles
 44906 | Depths:3 | Noticed Asterion
 44909 | Depths:3 | Noticed Sojobo
 45403 | Depths:3 | Killed Sojobo
 45441 | Depths:3 | Killed Asterion
 45441 | Depths:3 | Reached skill level 25 in Shields
 45569 | Depths:3 | Noticed a golden dragon
 45951 | Depths:3 | Noticed Boris
 45973 | Depths:3 | Killed Boris
 46172 | Depths:3 | Found a glowing silver altar of Zin.
 46304 | Depths:3 | Found a one-way gate leading to the halls of Pandemonium.
 47433 | Depths:4 | Reached XP level 22. HP: 148/206 MP: 23/23
 47434 | Depths:4 | Found a white marble altar of Elyvilon.
 47549 | Depths:4 | Gained mutation: You are clumsy. (Dex -2) [a cacodemon]
 47900 | Depths:4 | Reached skill level 15 in Armour
 47900 | Depths:4 | Reached skill level 26 in Shields
 48073 | Depths:4 | Identified the +9 great mace of Benevolence {drain, rN+ Int+2} (You took it off a tengu conjurer on level 4 of the Depths)
 48163 | Depths:4 | Found a sparkling altar of Nemelex Xobeh.
 48165 | Depths:4 | Found a one-way gate to the infinite horrors of the Abyss.
 48746 | Depths:4 | Identified the cursed +1 bardiche of Avoar {chop, Int+4} (You took it off a tengu warrior on level 4 of the Depths)
 48973 | Depths:4 | Noticed a golden dragon
 48989 | Depths:4 | Killed a golden dragon
 49007 | Depths:4 | Found a sacrificial altar of Ru.
 49007 | Depths:4 | Found a gateway to a ziggurat.
 49301 | Depths:4 | Identified a scroll of acquirement
 49701 | D:15     | Bought the +9 armour of the Dragon King {rPois rF+ rC+ MR+} for 4867 gold pieces
 49971 | Elf:3    | Entered Level 3 of the Elven Halls
 50163 | Elf:3    | Got a pair of bloodstained gloves
 50204 | Elf:3    | Identified the +0 pair of gloves of the Chupacabra {*Corrode rPois rN+} (You found it on level 3 of the Elven Halls)
 50216 | Elf:3    | Got a twisted eveningstar
 50217 | Elf:3    | Identified the +10 eveningstar of Discord {flame, Dex+5} (You found it on level 3 of the Elven Halls)
 50446 | Elf:3    | HP: 10/210 [deep elf high priest/damnation (23)]
 50448 | Elf:3    | Killed from afar by a deep elf high priest

Vault maps used:
D:1:      dpeg_arrival_ternary, st_stairs_6
D:2:      lemuel_doored_altar, kennysheep_vampire_church, first_bread,
          uniq_terence
D:3:      makhleb_heckhound_becter
D:4:      serial_shops, shop, nicolae_shop_trees, kennysheep_little_box,
          uniq_sigmund
D:5:      xom_teletrap_fun, serial_undead, serial_undead_e, serial_undead_a,
          serial_undead_b, serial_undead_b, serial_shops, kennysheep_mini_moat,
          uniq_edmund
D:7:      cheibrodos_ashenzari_chains, serial_shops, nicolae_shop_crystal,
          nicolae_shop_crystal, grunt_decor_fettered, uniq_crazy_yiuf_cottage,
          uniq_pikel, uniq_menkaure
D:8:      lemuel_coloured_pillars_altar, uniq_grum
D:9:      nicolae_overflow_crystal_walls, lair_entry_dummy, orc_0_dummy,
          serial_shops, nicolae_shop_window_shopping, the_bakery,
          minmay_misc_feat_encased, grunt_ministairs_13
D:12:     serial_shops, shop, shop, kennysheep_mini,
          nicolae_shop_window_shopping, nicolae_shop_waterfront,
          serial_park_tiny_2
D:13:     grunt_vaults_entry_tiered, basic_altar, st_stairs_12,
          minmay_evil_grid, uniq_erolcha, uniq_sonja, uniq_nessos, uniq_azrael
D:14:     portal_ice_cave_demonic_guard, minivault_24, grunt_dithmenos_shadows
D:15:     gammafunk_enter_depths_forms, hangedman_decor_riveting, serial_shops,
          shop
Temple:   nicolae_temple_great_sept
Lair:2:   enter_volcano_2, lab_entry_generic, uniq_urug, uniq_gastronok
Lair:3:   minmay_swamp_entry_swarm, nicolae_spider_entry_tight_spaces,
          grunt_megastairs_5, lemuel_fruit_fields
Lair:4:   minivault_29, serial_bayou_shore_a
Lair:6:   hangedman_lair_in_review, hangedman_lair_caniforms_friends,
          dpeg_slime_entry_enclosed_altar, uniq_kirke
Swamp:1:  infiniplex_staircase_pool, swamp_pool1, lightli_tree_ring
Swamp:2:  wheals_swamp_sinkhole
Swamp:3:  hangedman_swamp_ruin_wall
Swamp:4:  swamp_alternative
Spider:3: uniq_arachne
Spider:4: spider_rune_water, nicolae_spider_cling_ruins
Orc:1:    basic_altar
Orc:2:    grunt_orc_gardens, grunt_orc_garden, grunt_orc_garden,
          grunt_orc_garden, grunt_orc_garden, uniq_donald
Elf:1:    eino_elf_arrival_sip, hangedman_elf_disciples
Elf:2:    portal_desolation_entry_holy_temple, serial_shops, shop, uniq_agnes,
          uniq_jorgrun
Elf:3:    nooodl_elf_gasket, uniq_nikola, uniq_louise
Depths:1: kennysheep_cross_room, grunt_mini_vestibule, serial_shops,
          nicolae_shop_competitors_out_of_business, serial_column_ruins,
          column_ruins_columns_water, column_ruins_corridor_straight,
          column_ruins_open_tiny_water, column_ruins_grid_3,
          column_ruins_grid_1, kennysheep_potato, serial_bayou_shore_b
Depths:2: minmay_shrinking_squares, special_room, kennysheep_flooded_box,
          grunt_hell_entry_dis_grunt
Depths:3: mu_elemental_laboratory, grunt_pan_entry_sceptre, serial_column_ruins,
          column_ruins_temple_hall, column_ruins_open_medium,
          column_ruins_columns_straight, column_ruins_open_tiny,
          column_ruins_columns_T, column_ruins_grid_2, column_ruins_open_small,
          hell_entry, hangedman_decor_clover_reticule,
          infiniplex_staircase_river, uniq_asterion, uniq_boris, uniq_sojobo
Depths:4: grunt_profane_halls, abyss_entry, hell_entry, serial_shops
Lab:      labyrinth_watery, nicolae_lab_garden, nicolae_lab_plus
IceCv:    ice_cave_caverns_02
Volcano:  volcano_pools

Skill      XL: |  1  2  3  4  5  6  7  8  9 10 11 12 13 14 15 16 17 18 19 20 21 22 |
---------------+-------------------------------------------------------------------+-----
Fighting       | 4 5 6 7 8 10 11 12 13 14 15 16 17 18 19 20 | 20.3
Shields        | 4 5 6 8 9 11 12 13 14 16 17 19 20 21 23 24 25 26 | 26.8
Axes           | 3 4 5 7 9 11 12 14 15 16 17 18 19 20 21 22 | 22.1
Armour         | 4 5 6 7 8 9 10 11 12 13 14 15 | 15.2
Dodging        | 1 2 3 5 6 10 12 14 15 | 15.7
Stealth        | 1 |  1.0
Evocations     | 2 |  2.9
Maces & Flails | 6 7 |  7.8
Long Blades    | 4 10 13 15 | 15.6
Throwing       | 1 |  1.2

Action                   |  1- 3 |  4- 6 |  7- 9 | 10-12 | 13-15 | 16-18 | 19-21 | 22-24 || total
-------------------------+-------+-------+-------+-------+-------+-------+-------+-------++-------
Melee: War axe           |    74 |    90 |   258 |   436 |  1063 |  1436 |  1470 |   393 ||  5220
       Headbutt          |    13 |    17 |    58 |   110 |   357 |   511 |   536 |   123 ||  1725
       Morningstar       |       |       |       |       |   200 |   107 |     4 |       ||   311
Throw: Tomahawk          |       |     2 |       |       |       |     9 |       |       ||    11
Invok: Potion Petition   |       |       |       |       |       |     2 |    10 |     1 ||    13
       Call Merchant     |       |       |       |       |       |     3 |       |       ||     3
 Abil: Evoke Flight      |       |       |       |       |     1 |       |       |       ||     1
Evoke: Wand              |       |       |       |       |     1 |     4 |       |       ||     5
  Use: Potion            |     1 |     2 |     4 |     6 |     1 |    10 |     2 |     5 ||    31
       Scroll            |       |     7 |    14 |     8 |    13 |    20 |    12 |    15 ||    89
 Stab: Distracted        |       |       |       |     2 |    12 |    12 |    16 |     2 ||    44
       Petrified         |       |       |       |       |       |     1 |       |       ||     1
       Confused          |       |       |       |       |       |     1 |       |       ||     1
  Eat: Chunk             |     1 |     4 |     9 |       |       |       |     1 |       ||    15
       Pizza             |       |       |     1 |     4 |       |     1 |       |       ||     6
       Beef jerky        |       |       |     2 |       |       |     2 |       |       ||     4
       Fruit             |       |       |       |     7 |    15 |     4 |     3 |     2 ||    31
       Royal jelly       |       |       |       |     1 |     4 |     8 |       |       ||    13
       Bread ration      |       |       |       |       |     3 |     6 |     8 |     2 ||    19
Armor: Scale mail        |     5 |       |       |       |       |       |       |       ||     5
       Chain mail        |    43 |    38 |   143 |   152 |   379 |   476 |    92 |       ||  1323
       Plate armour      |       |       |     2 |       |       |       |   193 |    65 ||   260
       Gold dragon scale |       |       |       |       |       |       |       |    24 ||    24
Dodge: Dodged            |    13 |    20 |    75 |   102 |   386 |   601 |   397 |    99 ||  1693
Block: Shield            |    45 |    79 |   202 |   380 |   671 |       |       |       ||  1377
       Reflection        |     2 |     4 |     3 |    12 |    44 |    22 |   114 |    79 ||   280
       Large shield      |       |       |       |       |   861 |  2341 |  2013 |   659 ||  5874
